 Dungeon Crawl Stone Soup version 0.31.0-9-g3a7656b989 (webtiles) character file.

Game seed: 5544700062492142158

11481 qw the Nimble (level 11, -1/51 (53) HPs)
             Began as a Spriggan Hunter on Feb 2, 2024.
             Was a High Priest of Okawaru.
             Slain by a spectral wolf spider (3 damage)
             ... in a Gauntlet.
             The game lasted 00:00:46 (8330 turns).

qw the Nimble (Spriggan Hunter)                     Turns: 8330, Time: 00:00:46

HP:   -1/51 (53)    AC:  6    Str:  7    XL:     11   Next: 49%
MP:   14/19         EV: 30    Int: 10    God:    Okawaru [*****.]
Gold: 449           SH:  0    Dex: 24    Spells: 10/10 levels left

rFire   + . .        k - +7 hand cannon (freeze)
rCold   + . .        (no shield)
rNeg    . . .        g - +1 steam dragon scales
rPois   .            (helmet restricted)
rElec   .            (no cloak)
rCorr   .            (gloves unavailable)
SInv    +            (boots unavailable)
Will    +....        (no amulet)
Stlth   ++           r - ring of protection from fire
HPRegen 0.28/turn    i - ring of protection from cold
MPRegen 0.16/turn

%: no teleportation
@: lethally poisoned (-1 -> -28), finesse-ful, slowed, lightly drained, quick
A: very small, no large weapons, unfitting armour, see invisible, speed 3,
hooves 1
a: Renounce Religion, Heroism, Finesse, Duel


You were in a Gauntlet.
You worshipped Okawaru.
Okawaru was extremely pleased with you.
You visited 2 branches of the dungeon, and saw 10 of its levels.
You also visited: Gauntlet.

You collected 691 gold pieces.
You spent 242 gold pieces at shops.


Innate Abilities, Weirdness & Mutations

You are very small and have problems with some larger weapons.
You are too small for most types of armour.
You have supernaturally acute eyesight. (SInv)
You cover ground extremely quickly. (Speed+++)
You have large cloven feet.


   Skills:
 - Level 4.1 Fighting
 - Level 12.1 Ranged Weapons
 - Level 1.0 Armour
 + Level 12.3 Dodging
 - Level 1.5 Stealth
 - Level 10.0 Invocations


You had 10 spell levels left.
You didn't know any spells.
Your spell library was empty.

Inventory:

Hand Weapons
 k - a +7 hand cannon of freezing (weapon)
Armour
 g - +1 steam dragon scales (worn)
Jewellery
 i - a ring of protection from cold (right hand)
 r - a ring of protection from fire (left hand)
Wands
 h - a wand of iceblast (5)
 p - a wand of paralysis (11)
Scrolls
 a - a scroll of teleportation
 c - a scroll of identify
Potions
 b - 3 potions of mutation
 d - 4 potions of haste
 f - 3 potions of might
 j - 2 potions of curing
 l - 2 potions of heal wounds
 n - a potion of cancellation
 o - 2 potions of enlightenment

Dungeon Overview and Level Annotations

Branches:
Dungeon (9/15)             Temple (0/1) D:5            Lair (1/5) D:9
    Orc (0/2) D:9         Gauntlet (1/1)

Altars:
Fedhas
Gozag
Hepliaklqana
Kikubaaqudgha
Okawaru
Trog
Vehumet
Wu Jian
Xom

Shops:
D:7 [*   D:8 *

Annotations:
D:5 4 runed translucent doors, qw's ghost, novice GrHu
D:9 1 runed translucent door, qw's ghost, journeyman DjHu Gauntlet 13 transporters


Message History

Partly explored, unvisited transporter.
8312 ||| DROPPING +6 ring of intelligence.
You drop a +6 ring of intelligence.
Partly explored, unvisited transporter.
There is a transporter here.
Partly explored, unvisited transporter.
You enter the transporter and appear at another place.
Partly explored, unvisited transporter.
There is a transporter here.
Partly explored, unvisited transporter.
You enter the transporter and appear at another place.
8327 ||| INVOKING Finesse.
You can now deal lightning-fast blows.
The spectral wolf spider closely misses you.
The spectral wolf spider barely misses you.
You shoot a bolt. The death drake hisses angrily.
The bolt hits the spectral wolf spider.
The spectral wolf spider is lightly damaged.
The spectral wolf spider hits you!
The spectral wolf spider bites you but does no damage.
You shoot a bolt. The bolt hits the spectral wolf spider.
The spectral wolf spider is lightly damaged.
The death drake breathes miasma at you. The foul vapour engulfs you!
You are poisoned.
You feel yourself slow down.
The spectral wolf spider closely misses you.
The spectral wolf spider completely misses you.
You shoot a bolt.
The bolt hits the spectral wolf spider!!
The bolt freezes the spectral wolf spider.
The spectral wolf spider is heavily damaged.
You are engulfed in dark miasma.
You are lethally poisoned!
You feel as though you will be slow longer.
You feel extremely sick.
The spectral wolf spider hits you but does no damage.
The spectral wolf spider bites you!
You feel drained.
You die...

8#..............#.###############
##..............#.#~¤8¤~#^.......
....#############.###############
....#^...........^...........^#~~
#################################
#.........#.#..#......#.##..##x#x
#..^###^..#.#.0.#00...#.#.##.#X.#
#.^..#....#.#.00#Z...##.#..##.##x
#.#.^#..#.#.#.0Z@#.##.#.#.#..#..#
#.#######.#.#..k###...#.###.^####
#.#..#..#t#.#.##.#....#.##..###..
#.^..#....#.##....#...#.##..####.
#.^^#.#^^.#.#Z....#...#.#x#!#.##.
#..:.^?=..#.#k..=^!#.?#.##x#.^(=.
###########.###########.#########
.................................
.................................


You could see a death drake, a ghost crab, a spectral wolf spider and a wolf
spider zombie.

Vanquished Creatures
  A two-headed ogre (D:9)
  A necromancer (Gauntlet)
  A cane toad (Lair:1)
  Maggie (D:7)
  A rime drake (D:9)
  A komodo dragon (Lair:1)
  A troll (D:9)
  2 hornets
  Sigmund (D:5)
  3 shadows
  18 yaks
  2 wyverns
  Eustachio (D:5)
  Menkaure (D:6)
  Duvessa (D:6)
  7 orc warriors
  6 ice beasts
  A sky beast (D:7)
  A black bear (D:5)
  A swamp drake (D:9)
  5 wolves
  An ogre (D:4)
  2 centaurs
  4 kobold brigands
  A phantom (D:7)
  Blork the orc (D:4)
  A gnoll sergeant (D:9)
  3 bullfrogs
  4 scorpions
  9 wights
  Dowan (D:6)
  A killer bee (D:7)
  A vampire bat (D:7)
  4 bombardier beetles
  4 hounds
  2 jellies
  A gnoll bouda (D:6)
  8 orc priests
  2 iguanas
  12 orc wizards
  2 sleepcaps (D:8)
  Ijyb (D:5)
  6 adders
  14 gnolls
  A shadow imp (D:8)
  A white imp (D:6)
  2 ufetubi (D:6)
  3 dart slugs
  50 orcs
  A bat skeleton (D:7)
  5 bat zombies (D:7)
  8 endoplasms
  3 giant cockroaches
  9 goblins
  A hobgoblin (D:4)
  2 jackals (D:4)
  24 kobolds
  2 quokkas
  3 ball pythons
  4 bats
  4 frilled lizards
  4 rats
269 creatures vanquished.

Notes
Turn   | Place    | Note
-------+----------+-------------------------------------------
     0 | D:1      | qw the Spriggan Hunter began the quest for the Orb.
     0 | D:1      | Reached XP level 1. HP: 10/10 MP: 2/2
     0 | D:1      | 0 ||| qw: Version: 0.3-a-155-g5e7d8dd
     0 | D:1      | 0 ||| qw: Game counter: 2432
     0 | D:1      | 0 ||| qw: Melee chars always use a shield: true
     0 | D:1      | 0 ||| qw: God list: Okawaru
     0 | D:1      | 0 ||| qw: Allow faded altars: false
     0 | D:1      | 0 ||| qw: Do Orc after clearing Dungeon:15 true
     0 | D:1      | 0 ||| qw: Do second Lair branch before Depths: true
     0 | D:1      | 0 ||| qw: Lair rune preference: random
     0 | D:1      | 0 ||| qw: Goals: Normal
     0 | D:1      | 0 ||| PLANNING D:1-11
   115 | D:1      | Reached skill level 3 in Dodging
   357 | D:1      | Reached XP level 2. HP: 14/14 MP: 3/3
   596 | D:1      | 596 ||| READING scroll labelled ZON PU VENT.
   596 | D:1      | 596 ||| IDENTIFYING fuming blue potion
   597 | D:1      | 597 ||| READING scroll labelled KONYACKA ZYDED.
   597 | D:1      | 597 ||| ENCHANTING +0 shortbow.
   598 | D:1      | 598 ||| DROPPING scroll of butterflies.
  1006 | D:2      | Reached XP level 3. HP: 18/18 MP: 4/4
  1284 | D:2      | 1284 ||| READING scroll labelled ZAONED DOHU.
  1285 | D:2      | 1285 ||| READING scroll labelled PEYDWA KENUE.
  1285 | D:2      | Identified a scroll of acquirement
  1285 | D:2      | 1285 ||| ACQUIRING +6 hand cannon of flaming
  1285 | D:2      | Acquired a +6 hand cannon of flaming
  1287 | D:2      | 1287 ||| SWAPPING to +6 hand cannon of flaming.
  1288 | D:2      | 1288 ||| DROPPING +0 shortbow.
  1289 | D:2      | 1289 ||| READING scroll labelled VAKLIE NAJU.
  1390 | D:2      | 1390 ||| READING scroll labelled NUFFEOG AWNIBLI.
  1627 | D:3      | Found a faded altar of an unknown god.
  1696 | D:3      | Found an iron altar of Okawaru.
  1697 | D:3      | 1697 ||| PLANNING OKAWARU WORSHIP
  1697 | D:3      | 1697 ||| READING scroll labelled JULAIF QANLAN.
  1701 | D:3      | 1701 ||| DRINKING 2 murky silvery potions.
  1722 | D:3      | Became a worshipper of Warmaster Okawaru
  1723 | D:3      | 1723 ||| PLANNING D:1-11
  1881 | D:3      | 1881 ||| READING scroll labelled MEYNE FIWNE.
  1909 | D:4      | Reached XP level 4. HP: 22/22 MP: 5/5
  1910 | D:4      | Noticed a scorpion
  1911 | D:4      | 1911 ||| DRINKING 2 potions of haste.
  1913 | D:4      | Killed a scorpion
  1923 | D:4      | Found an opulent altar of Gozag.
  1928 | D:4      | Noticed Blork the orc
  1930 | D:4      | Killed Blork the orc
  1930 | D:4      | Reached * piety under Okawaru
  1931 | D:4      | Reached XP level 5. HP: 27/27 MP: 6/6
  1949 | D:4      | Reached skill level 1 in Invocations
  2016 | D:4      | Reached XP level 6. HP: 32/32 MP: 6/8
  2274 | D:4      | Reached skill level 6 in Ranged Weapons
  2634 | D:4      | 2634 ||| UPGRADING to ring of protection from fire.
  2635 | D:4      | 2635 ||| READING 3 scrolls of identify.
  2635 | D:4      | 2635 ||| IDENTIFYING yellow potion
  2636 | D:4      | 2636 ||| READING 2 scrolls of identify.
  2636 | D:4      | 2636 ||| IDENTIFYING inky potion
  2637 | D:4      | 2637 ||| READING scroll of identify.
  2637 | D:4      | 2637 ||| IDENTIFYING pink potion
  2638 | D:4      | 2638 ||| READING 2 scrolls labelled URAX SEIDEHA.
  2696 | D:4      | 2696 ||| DRINKING 2 emerald potions.
  2696 | D:4      | Gained mutation: You have large cloven feet. [potion of
                  | mutation]
  2697 | D:4      | 2697 ||| DRINKING 3 brown potions.
  2698 | D:4      | 2698 ||| DRINKING 3 lumpy puce potions.
  2699 | D:4      | 2699 ||| FLEEEEING.
  2700 | D:4      | 2700 ||| FLEEEEING.
  2701 | D:4      | 2701 ||| FLEEEEING.
  2702 | D:4      | 2702 ||| FLEEEEING.
  2803 | D:4      | 2803 ||| DRINKING 2 fizzy ruby potions.
  2804 | D:4      | 2804 ||| DRINKING 2 bubbling blue potions.
  2829 | D:4      | 2829 ||| DRINKING 2 silvery potions.
  2830 | D:4      | 2830 ||| DROPPING potion of ambrosia.
  2831 | D:4      | 2831 ||| DROPPING 2 potions of attraction.
  2832 | D:4      | 2832 ||| DROPPING 2 potions of berserk rage.
  2833 | D:4      | 2833 ||| DROPPING potion of brilliance.
  2834 | D:4      | 2834 ||| DROPPING potion of lignification.
  2835 | D:4      | 2835 ||| DROPPING scroll of torment.
  2871 | D:5      | Entered Level 5 of the Dungeon
  2914 | D:5      | Reached skill level 3 in Invocations
  2954 | D:5      | Noticed Sigmund
  2955 | D:5      | 2955 ||| INVOKING Heroism.
  2956 | D:5      | Noticed Ijyb
  2957 | D:5      | 2957 ||| RETREEEEATING.
  2959 | D:5      | Killed Sigmund
  2959 | D:5      | Reached ** piety under Okawaru
  2960 | D:5      | Reached skill level 6 in Dodging
  2960 | D:5      | Reached XP level 7. HP: 35/35 MP: 7/10
  2964 | D:5      | Killed Ijyb
  3022 | D:5      | Found a runed translucent door.
  3025 | D:5      | Noticed qw's ghost (novice GrHu)
  3053 | D:5      | Found a staircase to the Ecumenical Temple.
  3283 | D:5      | Found a large runed translucent door.
  3283 | D:5      | Found a large runed translucent door.
  3285 | D:5      | Found a shimmering altar of Xom.
  3372 | D:5      | Found a bloodstained altar of Trog.
  3426 | D:5      | Noticed Eustachio
  3427 | D:5      | 3427 ||| INVOKING Heroism.
  3430 | D:5      | Killed Eustachio
  3431 | D:5      | Reached XP level 8. HP: 39/39 MP: 9/12
  3532 | D:5      | Found a runed translucent door.
  3839 | D:5      | 3839 ||| DROPPING amulet of magic regeneration.
  3840 | D:5      | 3840 ||| UPGRADING to ring of protection from cold.
  3841 | D:5      | 3841 ||| DRINKING 2 coppery potions.
  3888 | D:6      | Found a blossoming altar of Fedhas.
  3933 | D:6      | Noticed Duvessa
  3933 | D:6      | Noticed Dowan
  3935 | D:6      | Killed Duvessa
  3936 | D:6      | 3936 ||| INVOKING Heroism.
  3938 | D:6      | Killed Dowan
  4119 | D:6      | Noticed Menkaure
  4122 | D:6      | Killed Menkaure
  4122 | D:6      | Reached *** piety under Okawaru
  4134 | D:6      | Found a radiant altar of Vehumet.
  4220 | D:6      | 4220 ||| RETREEEEATING.
  4221 | D:6      | 4221 ||| RETREEEEATING.
  4223 | D:6      | Reached skill level 3 in Fighting
  4225 | D:6      | 4225 ||| RETREEEEATING.
  4232 | D:6      | HP: 10/40 [poisoned by an adder]
  4233 | D:6      | Reached skill level 9 in Ranged Weapons
  4233 | D:6      | 4233 ||| READING scroll of teleportation.
  4234 | D:6      | 4234 ||| DRINKING potion of heal wounds.
  4374 | D:6      | Reached skill level 9 in Dodging
  4374 | D:6      | Reached XP level 9. HP: 44/44 MP: 13/13
  4533 | D:6      | Found a hazy altar of Hepliaklqana.
  4866 | D:6      | 4866 ||| UPGRADING to +2 robe of positive energy.
  4876 | D:6      | 4876 ||| DROPPING +0 robe.
  4877 | D:6      | 4877 ||| READING scroll labelled GUHACO VAHOU.
  4877 | D:6      | 4877 ||| BRANDING +6 hand cannon of flaming.
  4878 | D:6      | 4878 ||| DROPPING wand of flame (8).
  4917 | D:7      | Reached **** piety under Okawaru
  5057 | D:7      | HP: 9/44 [orc priest/divine providence (14)]
  5058 | D:7      | 5058 ||| READING scroll of teleportation.
  5211 | D:7      | Noticed Maggie
  5212 | D:7      | 5212 ||| INVOKING Finesse.
  5219 | D:7      | Killed Maggie
  5271 | D:7      | Found Urphi's Armour Boutique.
  5322 | D:7      | 5322 ||| RETREEEEATING.
  5324 | D:7      | 5324 ||| RETREEEEATING.
  5325 | D:7      | 5325 ||| RETREEEEATING.
  5326 | D:7      | 5326 ||| RETREEEEATING.
  5330 | D:7      | 5330 ||| RETREEEEATING.
  5403 | D:7      | Found Qoej's Elemental Accessories.
  5411 | D:7      | 5411 ||| BUYING wand of iceblast (5) (156 gold).
  5411 | D:7      | Bought a wand of iceblast (5) for 156 gold pieces
  5467 | D:7      | Reached skill level 6 in Invocations
  5467 | D:7      | Reached XP level 10. HP: 24/49 MP: 15/15
  5644 | D:7      | Found an ancient bone altar of Kikubaaqudgha.
  5986 | D:7      | 5986 ||| UPGRADING to +0 steam dragon scales.
  5996 | D:7      | 5996 ||| DROPPING +2 robe of positive energy.
  5997 | D:7      | 5997 ||| READING scroll of enchant armour.
  5997 | D:7      | 5997 ||| ENCHANTING +0 steam dragon scales.
  5998 | D:7      | 5998 ||| READING scroll labelled BAYLAVV IHEFO.
  6024 | D:8      | 6024 ||| RETREEEEATING.
  6030 | D:8      | Reached skill level 1 in Armour
  6159 | D:8      | 6159 ||| INVOKING Finesse.
  6298 | D:8      | Reached ***** piety under Okawaru
  6481 | D:8      | Found Plog's General Store.
  6510 | D:8      | 6510 ||| BUYING wand of paralysis (3) (86 gold).
  6510 | D:8      | Bought a wand of paralysis (3) for 86 gold pieces
  6752 | D:8      | 6752 ||| READING scroll of identify.
  6752 | D:8      | 6752 ||| IDENTIFYING bubbling ruby potion
  6753 | D:8      | 6753 ||| DRINKING 2 viscous silvery potions.
  6754 | D:8      | 6754 ||| DROPPING potion of degeneration.
  6777 | D:9      | 6777 ||| STAIRDANCE
  6784 | D:9      | 6784 ||| STAIRDANCE
  6790 | D:9      | 6790 ||| STAIRDANCE
  6847 | D:9      | 6847 ||| RETREEEEATING.
  6849 | D:9      | 6849 ||| RETREEEEATING.
  6851 | D:9      | 6851 ||| INVOKING Finesse.
  6884 | D:9      | Received a gift from Okawaru
  6907 | D:9      | Found a staircase to the Lair.
  6925 | D:9      | Noticed a two-headed ogre
  6926 | D:9      | 6926 ||| INVOKING Finesse.
  6931 | D:9      | Killed a two-headed ogre
  6932 | D:9      | Reached skill level 12 in Dodging
  6934 | D:9      | Reached XP level 11. HP: 50/53 MP: 12/18
  7001 | D:9      | 7001 ||| RETREEEEATING.
  7003 | D:9      | 7003 ||| RETREEEEATING.
  7005 | D:9      | 7005 ||| RETREEEEATING.
  7007 | D:9      | 7007 ||| RETREEEEATING.
  7010 | D:9      | 7010 ||| RETREEEEATING.
  7015 | D:9      | Reached skill level 9 in Invocations
  7139 | D:9      | Found a staircase to the Orcish Mines.
  7144 | D:9      | 7144 ||| DRINKING potion of resistance.
  7363 | D:9      | Found an ornate altar of the Wu Jian Council.
  7421 | D:9      | Found a runed translucent door.
  7620 | D:9      | Noticed qw's ghost (journeyman DjHu)
  7622 | D:9      | 7622 ||| PLANNING LAIR
  7622 | D:9      | 7622 ||| READING scroll of identify.
  7622 | D:9      | 7622 ||| IDENTIFYING scroll labelled PYNNUC RESE
  7623 | D:9      | 7623 ||| READING scroll of enchant weapon.
  7623 | D:9      | 7623 ||| ENCHANTING +6 hand cannon of freezing.
  7640 | Lair:1   | Entered Level 1 of the Lair of Beasts
  7641 | Lair:1   | 7641 ||| PLANNING GAUNTLET
  7732 | Lair:1   | Found a gate leading to a gauntlet.
  7741 | Gauntlet | Entered a Gauntlet
  7741 | Gauntlet | Found a transporter.
  7751 | Gauntlet | Found a transporter.
  7765 | Gauntlet | Found a transporter.
  7770 | Gauntlet | Found a transporter.
  7780 | Gauntlet | Noticed a catoblepas
  7785 | Gauntlet | Found a transporter.
  7800 | Gauntlet | Noticed an occultist
  7801 | Gauntlet | Noticed an arcanist
  7804 | Gauntlet | Found a transporter.
  7816 | Gauntlet | Found a transporter.
  7822 | Gauntlet | Found a transporter.
  7824 | Gauntlet | Found a transporter.
  7841 | Gauntlet | Found a transporter.
  7843 | Gauntlet | Noticed a thrashing horror
  7849 | Gauntlet | Noticed a death drake
  7853 | Gauntlet | Found a transporter.
  7865 | Gauntlet | Found a transporter.
  7882 | Gauntlet | Found a transporter.
  7891 | Gauntlet | Noticed a ghost crab
  7899 | Gauntlet | Found a transporter.
  7901 | Gauntlet | Found a transporter.
  7923 | Gauntlet | Noticed a necromancer
  7929 | Gauntlet | Found a transporter.
  7931 | Gauntlet | Found a transporter.
  7933 | Gauntlet | Found a transporter.
  8149 | Gauntlet | 8149 ||| RETREEEEATING.
  8149 | Gauntlet | Received a gift from Okawaru
  8150 | Gauntlet | 8150 ||| RETREEEEATING.
  8151 | Gauntlet | 8151 ||| RETREEEEATING.
  8152 | Gauntlet | 8152 ||| RETREEEEATING.
  8153 | Gauntlet | 8153 ||| RETREEEEATING.
  8154 | Gauntlet | 8154 ||| RETREEEEATING.
  8155 | Gauntlet | 8155 ||| RETREEEEATING.
  8156 | Gauntlet | 8156 ||| RETREEEEATING.
  8157 | Gauntlet | 8157 ||| RETREEEEATING.
  8158 | Gauntlet | 8158 ||| INVOKING Finesse.
  8173 | Gauntlet | Killed a necromancer
  8174 | Gauntlet | Reached skill level 12 in Ranged Weapons
  8312 | Gauntlet | 8312 ||| DROPPING +6 ring of intelligence.
  8327 | Gauntlet | 8327 ||| INVOKING Finesse.
  8330 | Gauntlet | HP: 10/53 [poisoned by a death drake (dark miasma)]
  8330 | Gauntlet | HP: 2/53 [spectral wolf spider (8)]
  8330 | Gauntlet | Slain by a spectral wolf spider

Levels and vault maps discovered:
D:1:      heliophobic_arrival_ceremonial_halls, layout_loops_ring
D:2:      layout_basic, minmay_between
D:3:      layout_basic, okawaru_ov_weapons_minmay,
          hellmonk_ecumenical_altar_prayer_group, minmay_quantized
D:4:      layout_loops_ring, grunt_gozag_statues, uniq_blork_the_orc
D:5:      due_chaos_kobolds, layout_basic, amcnicky_altar_gilded, temple_hall,
          ebering_ghost_sewer_f, uniq_eustachio, uniq_ijyb, uniq_sigmund
D:6:      nicolae_cairo_tiling, layout_cave_pods, fedhas_ov_isle_minmay,
          mainiacjoe_overflow_surrounded_room, mainiacjoe_overflow_brackets,
          uniq_menkaure, uniq_duvessa
D:7:      layout_basic, kennysheep_vampire_church, serial_shops,
          nicolae_shop_back_alley_shop, st_stairs_7, nicolae_elemental_shop,
          uniq_maggie
D:8:      layout_loops_ring, serial_shops, shop, grunt_decor_junction,
          grunt_ministairs_6
D:9:      layout_rooms, mainiacjoe_overflow_boulevard, hellmonk_lair_entry_icy,
          erik_orc_1, ebering_ghost_reflecting_pool
Lair:1:   layout_concentric_octagons, gauntlet_entry_generic, lemuel_fruit_tree
Gauntlet: gammafunk_gauntlet_one_two_three [gammafunk_gauntlet_arena_hedges,
          nicolae_gauntlet_arena_x, gammafunk_gauntlet_arena_arrow_garden,
          gammafunk_gauntlet_arena_spirals, gammafunk_gauntlet_arena_open,
          gammafunk_gauntlet_arena_split_diamond,
          gammafunk_gauntlet_arena_mazey, nicolae_gauntlet_swirl,
          nicolae_gauntlet_arena_t_cross, gauntlet_exit_green]

Skill      XL: |  1  2  3  4  5  6  7  8  9 10 11 |
---------------+----------------------------------+-----
Dodging        | 3 4 5 6 7 9 10 12 | 12.3
Ranged Weapons | 5 6 7 9 10 11 12 | 12.1
Fighting       | 2 3 4 |  4.1
Invocations    | 1 3 4 6 8 10 | 10.0
Armour         | 1 |  1.0
Stealth        | |  1.5

Action                     |  1- 3 |  4- 6 |  7- 9 | 10-12 || total
---------------------------+-------+-------+-------+-------++-------
   Fire: Shortbow          |    55 |       |       |       ||    55
         Hand cannon       |    26 |    35 |   179 |   296 ||   536
 Invoke: Heroism           |       |     1 |     2 |       ||     3
         Finesse           |       |       |     1 |     5 ||     6
    Use: Scroll            |     8 |     4 |     3 |     5 ||    20
         Potion            |     1 |     7 |     2 |     2 ||    12
 Armour: Robe              |     7 |       |    27 |     7 ||    41
         Steam dragon scal |       |       |       |    34 ||    34
  Dodge: Dodged            |    44 |     4 |    98 |   245 ||   391

Table legend:
 A = Non-vault XP
 B = Vault XP
 C = Vault XP percentage of total XP
 D = Non-vault monster count
 E = Vault monster count
 F = Vault count percentage of total count
                 A         B        C        D         E       F
            +---------+---------+-------+---------+---------+-------
      Total |   10828 |    5574 |  34.0 |     202 |      67 |  24.9
            +---------+---------+-------+---------+---------+-------
        D:1 |      17 |       0 |   0.0 |      11 |       0 |   0.0
        D:2 |      20 |       8 |  28.6 |      10 |       5 |  33.3
        D:3 |      21 |      10 |  32.3 |      11 |       6 |  35.3
        D:4 |     461 |      96 |  17.2 |      18 |       1 |   5.3
        D:5 |     527 |     452 |  46.2 |      15 |       3 |  16.7
        D:6 |    1471 |     383 |  20.7 |      34 |       3 |   8.1
        D:7 |    1762 |     617 |  25.9 |      25 |      10 |  28.6
        D:8 |    1132 |     815 |  41.9 |      43 |       8 |  15.7
        D:9 |    4349 |    1711 |  28.2 |      31 |      24 |  43.6
     Lair:1 |    1068 |       0 |   0.0 |       4 |       0 |   0.0
   Gauntlet |       0 |    1482 | 100.0 |       0 |       7 | 100.0
            +---------+---------+-------+---------+---------+-------
